 Dungeon Crawl Stone Soup version 0.31.0-4-g52a2dc7128 (webtiles) character file.

Game seed: 18206485534454778247

260280 ces the Imperceptible (level 19, -24/109 HPs)
             Began as a Spriggan Hunter on Jan 22, 2024.
             Was an Initiate of Gozag.
             Blown up by a lich (49 damage)
             ... with an orb of destruction
             ... on level 1 of the Depths.
             The game lasted 04:17:14 (61762 turns).

ces the Imperceptible (Spriggan Hunter)            Turns: 61762, Time: 04:17:15

Health: -24/109    AC:  6    Str:  7    XL:     19   Next: 55%
Magic:  20/20      EV: 50    Int: 13    God:    Gozag
Gold:   3587       SH:  0    Dex: 35    Spells: 18/18 levels left

rFire   . . .        a - +3 arbalest
rCold   + + .        (shield currently unavailable)
rNeg    + + .        n - +2 robe {rC+}
rPois   .            F - +2 hat {Stlth+}
rElec   .            S - -1 cloak of Cotep {Dex+6}
rCorr   .            (gloves unavailable)
SInv    +            (boots unavailable)
Will    +++++        N - amulet of the Four Winds {rN+ Will+++ Clar} Stlth ***+++++++
                     m - ring of Ficiqol {Wiz rN+ Int+3 Stlth+}
HPRegen 0.38/turn    Q - ring of protection from cold
MPRegen 0.17/turn

%: clarity, wizardry (x1)
@: on berserk cooldown, slowed, quick
A: very small, no large weapons, unfitting armour, see invisible, speed 3,
talons 1, thin skeletal structure 1, persistent drain
}: 1/15 runes: serpentine
a: Renounce Religion, Potion Petition, Call Merchant, Bribe Branch


You were on level 1 of the Depths.
You worshipped Gozag.
Gozag was most pleased with you.
You visited 9 branches of the dungeon, and saw 34 of its levels.
You also visited: Ossuary.

You collected 11799 gold pieces.
You spent 5263 gold pieces at shops.
You paid 2949 gold pieces to Gozag.

Inventory:

Hand Weapons
 a - a +3 arbalest (weapon)
 b - a +0 heavy dagger
 J - the +2 shortbow of Defilement {drain, Int+3 Dex+3}
   (You bought it in a shop on level 2 of the Orcish Mines)

   Int+3:     It affects your intelligence (+3).
   Dex+3:     It affects your dexterity (+3).
Missiles
 D - 5 datura-tipped darts
 I - 3 throwing nets
Armour
 l - a scarf of resistance
 n - a +2 robe of cold resistance (worn)
 F - a +2 hat of stealth (worn)
 L - a scarf of invisibility
 S - the -1 cloak of Cotep (worn) {Dex+6}
   (You bought it in a shop on level 12 of the Dungeon)

   Dex+6:     It affects your dexterity (+6).
Jewellery
 j - a ring of resist corrosion
 m - the ring of Ficiqol (left hand) {Wiz rN+ Int+3 Stlth+}
   (You found it on level 1 of the Orcish Mines)

   [ring of wizardry]

   Wiz:       It improves your spell success rate.
   Int+3:     It affects your intelligence (+3).
   rN+:       It protects you from negative energy.
   Stlth+:    It makes you more stealthy.
 A - an amulet of the acrobat
 N - the amulet of the Four Winds (around neck) {rN+ Will+++ Clar}
   (You bought it in a shop on level 2 of the Orcish Mines)

   [amulet of nothing]

   rN+:       It protects you from negative energy.
   Will+++:   It greatly increases your willpower.
   Clar:      It protects you from confusion, rage, mesmerisation and fear.
 O - a +4 ring of slaying
 P - a +5 ring of evasion
 Q - a ring of protection from cold (right hand)
 R - a +5 ring of evasion
 T - an amulet of reflection
 U - a ring of protection from fire
 V - a ring of protection from fire
 W - a +4 ring of protection
Wands
 d - a wand of roots (39)
 B - a wand of polymorph (14)
 E - a wand of flame (37)
 G - a wand of digging (4)
Scrolls
 e - 5 scrolls of butterflies
 f - 3 scrolls of fog
 h - 8 scrolls of teleportation
 o - 14 scrolls of identify
 s - 5 scrolls of revelation
 u - a scroll of fear
 w - 2 scrolls of silence
 x - 4 scrolls of noise
 z - 5 scrolls of enchant armour
Potions
 c - a potion of berserk rage {unknown}
 g - 2 potions of curing
 i - 4 potions of might
 k - 5 potions of enlightenment
 p - 2 potions of magic
 r - 3 potions of brilliance
 t - 2 potions of lignification
 v - 3 potions of cancellation
 C - 5 potions of haste
 H - a potion of resistance
 M - 2 potions of mutation
 Y - 2 potions of invisibility


   Skills:
 + Level 15.6 Fighting
 - Level 5.0 Short Blades
 * Level 20.8 Ranged Weapons
 + Level 20.0 Dodging
 - Level 23.5 Stealth
 - Level 7.3 Evocations


You had 18 spell levels left.
You didn't know any spells.
Your spell library contained the following spells:

 Spells                   Type           Power      Damage    Failure   Level
 Apportation              Tloc           0%         N/A       12%         1
 Kiss of Death            Conj/Necr      0%         2d5       12%         1
 Magic Dart               Conj           0%         1d3       12%         1
 Sting                    Conj/Alch      0%         1d3       12%         1
 Blink                    Tloc           0%         N/A       19%         2
 Call Imp                 Summ           0%         N/A       19%         2
 Cigotuvi's Dreadful Rot  Necr/Alch/Air  0%         N/A       19%         2
 Jinxbite                 Hex            0%         N/A       19%         2
 Mercury Vapours          Alch/Air       0%         N/A       19%         2
 Static Discharge         Conj/Air       0%         3-3/arc   19%         2
 Sublimation of Blood     Necr           0%         N/A       19%         2
 Confusing Touch          Hex            0%         N/A       34%         3
 Dazzling Flash           Conj/Hex       0%         N/A       34%         3
 Inner Flame              Hex/Fire       0%         N/A       34%         3
 Mephitic Cloud           Conj/Alch/Air  0%         N/A       34%         3
 Sigil of Binding         Hex            0%         N/A       34%         3
 Volatile Blastmotes      Fire/Tloc      0%         2d10      34%         3
 Airstrike                Air            0%         2d(0-16)  73%         4
 Cause Fear               Hex            0%         N/A       73%         4
 Dispel Undead            Necr           0%         3d6       73%         4
 Flame Wave               Conj/Fire      0%         2d4       73%         4
 Fulminant Prism          Conj/Alch      0%         3d5       73%         4
 Ignite Poison            Fire/Alch      0%         N/A       73%         4
 Iskenderun's Mystic Bla  Conj/Tloc      0%         2d3       73%         4
 Manifold Assault         Tloc           0%         N/A       73%         4
 Olgreb's Toxic Radiance  Alch           0%         N/A       73%         4
 Sticky Flame             Fire/Alch      0%         2d4       73%         4
 Summon Lightning Spire   Summ/Air       0%         N/A       73%         4
 Alistair's Intoxication  Alch           0%         N/A       96%         5
 Curse of Agony           Necr           0%         N/A       96%         5
 Freezing Cloud           Conj/Ice/Air   0%         6-21      96%         5
 Silence                  Hex/Air        0%         N/A       96%         5
 Summon Forest            Summ/Tloc      0%         N/A       96%         5
 Conjure Ball Lightning   Conj/Air       0%         3x3d6     100%        6
 Dispersal                Tloc           0%         N/A       100%        6
 Eringya's Noxious Bog    Alch           0%         4d6       100%        6
 Starburst                Conj/Fire      0%         6d3       100%        6
 Summon Hydra             Summ           0%         N/A       100%        7
 Disjunction              Tloc           0%         N/A       100%        8
 Ignition                 Fire           0%         3d3       100%        8
 Maxwell's Capacitive Co  Air            0%         ∞         100%        8


Dungeon Overview and Level Annotations

Branches:
Dungeon (15/15)            Temple (1/1) D:5            Lair (5/5) D:8
 Shoals (2/4) Lair:3        Snake (4/4) Lair:2        Slime (1/5) Lair:5
    Orc (2/2) D:9             Elf (3/3) Orc:2        Vaults (0/5) D:13
 Depths (1/4) D:15        Ossuary (visited)

Altars:
Ashenzari
Cheibriados
Dithmenos
Elyvilon
Fedhas
Gozag
Hepliaklqana
Kikubaaqudgha
Makhleb
Nemelex Xobeh
Okawaru
Qazlal
Ru
Sif Muna
Trog
Uskayaw
Vehumet
Wu Jian
Xom
Yredelemnul
Zin
The Shining One
Jiyva

Shops:
D:4 *   D:9 *:   D:12 [   D:14 *   Orc:2 :?=(   Snake:3 *   Snake:4 [[[!
Depths:1 ::=?

Portals:
Hell: Depths:1

Annotations:
D:2 Terence
Lair:1 exclusion: oklob plant
Shoals:1 champdelmundo's ghost, adept MiFi
Shoals:2 Mlioglotl
Orc:1 Rachuaq's ghost, adept GnSk
Elf:1 Louise
Elf:3 Bai Suzhen; Boris


Innate Abilities, Weirdness & Mutations

You are very small and have problems with some larger weapons.
You are too small for most types of armour.
You have supernaturally acute eyesight. (SInv)
You cover ground extremely quickly. (Speed+++)
You have sharp toenails.
You have a somewhat thin skeletal structure. (Dex +2, Stealth+)
Your health recovers twice as slowly from being drained.


Message History

The orb of destruction hits you!!!!
Ouch! That really hurt!
* * * LOW HITPOINT WARNING * * *
Blink to where?
Press: ? - help, Dir - move target, p - lich
As you read the scroll of blinking, it crumbles to dust.
As you read the scroll of fog, it dissolves into smoke. [a] - 280 gold - resistance [b] - 588 gold - might, brilliance, heal wounds and magic [c] - 312 gold - heal wounds, curing and berserk rage Purchase which effect?
You feel much better.
You feel better.
A red film seems to cover your vision as you go berserk!
You feel yourself moving faster!
You feel mighty!
You feel a strong urge to attack something.
You feel your anger nearly subside.
You are no longer berserk.
You are exhausted.
You feel yourself slow down.
The lich conjures an orb of pure magic.
An orb of destruction comes into view.
The lich gestures wildly while chanting.
The lich flickers and vanishes for a moment.
The lich launches a ball of destructive magic.
An orb of destruction comes into view.
There is an open door, spattered with blood here.
Okay, then. [a] - 357 gold - lignification, might and resistance [b] - 176 gold - might and brilliance [c] - 299 gold - heal wounds, curing and berserk rage Purchase which effect?
You feel much better.
You feel better.
You're still recovering from your berserk rage.
The orb of destruction hits you!!!
Ouch! That really hurt!
* * * LOW HITPOINT WARNING * * *
The lich gestures at you while chanting.
The bolt of cold misses you. The orb of destruction hits you!!!
You die...

#.......#..........#♣♣♣♣♣ ###
........#..........###### #..
#.......#).....°....##..#######.#
#.......'......○°...##...Y.....##
#.......#......○L...##.#########8
#.......#.......☼...##.# #.
#.......#.......○...##.# #.
##'#############☼#####.# #. ##.#
###@#####.# #. .#.######
#.........#########. .#......#
#...###...........'.
.'..###.######.### ###.#######!#.
.##..>.........# #.# #.#8
.######.######.# #.# #.## .#
#.######'#### #.# #.# .#
#.#.........# #.# #.# .#
#.#.........# #.# #.#


You could see a lich (fast, invisible).

Vanquished Creatures
  A lich (Depths:1)
  Asterion (Lair:2)
  An acid blob (Slime:1)
  Donald (Shoals:1)
  2 azure jellies (Slime:1)
  9 nagarajas
  2 fire giants
  2 frost giants
  A deep elf sorcerer (Elf:1)
  2 orc warlords (Orc:1)
  A deep elf elementalist (Elf:1)
  4 formless jellyfish
  The ghost of BigPumpCobain the Brawler, a journeyman TrFi of Wu Jian (D:14)
  2 very ugly things (Depths:1)
  A stone giant (D:15)
  A vampire knight (Depths:1)
  2 ettins (Depths:1)
  2 merfolk impalers
  Snorg (Orc:2)
  2 fire dragons
  Fannar (Orc:1)
  Erolcha (Orc:2)
  4 ogre magi
  8 hydras
  5 centaur warriors
  A boulder beetle (D:11)
  2 merfolk aquamancers
  2 deep troll shamans
  3 tengu warriors (D:15)
  5 death yaks (Lair:2)
  9 two-headed ogres
  8 anacondas
  23 naga warriors
  12 naga sharpshooters
  2 occultists
  An orc high priest (Orc:1)
  2 spriggan berserkers (Depths:1)
  31 dancing weapons
  Urug (D:12)
  8 shock serpents
  20 deep elf knights
  3 iron trolls
  4 skysharks
  3 salamander mystics (Snake:3)
  8 skeletal warriors
  7 sea snakes
  A goliath frog (Lair:5)
  A deep troll (Depths:1)
  An orb spider (shapeshifter) (Depths:1)
  2 naga ritualists
  7 mana vipers
  A glowing orange brain (Depths:1)
  33 deep elf pyromancers
  15 deep elf archers
  9 harpies
  An orc knight (Orc:1)
  23 deep elf zephyrmancers
  2 shining eyes
  A cyclops (Shoals:2)
  A wolf spider zombie (D:8)
  7 manticores
  6 orc sorcerers (Orc:2)
  23 ugly things
  2 fauns (Shoals:2)
  14 salamanders
  Maurice (D:8)
  A spectral merfolk (Shoals:1)
  A centaur zombie (D:8)
  A meliai (shapeshifter) (D:15)
  A kobold blastminer (Orc:1)
  4 guardian serpents
  A meliai (D:10)
  17 naga magi
  28 black mambas
  12 elephants
  A merfolk siren (Shoals:2)
  A torpor snail (Lair:3)
  2 centaur skeletons (D:8)
  2 gargoyles
  20 cane toads
  2 unseen horrors (shapeshifter)
  2 unseen horrors
  A water nymph (Shoals:1)
  2 rime drakes
  An efreet (D:14)
  A freezing wraith (D:14)
  8 komodo dragons
  9 trolls
  2 tengu conjurers
  A hellwing (D:8)
  3 polar bears
  5 merfolk
  19 blink frogs
  A tyrant leech (Lair:5)
  A blink frog (shapeshifter) (D:9)
  10 dream sheep
  4 snapping turtles
  13 slime creatures
  A centaur simulacrum (D:14)
  2 shadows (D:11)
  4 wyverns
  A spectral wind drake (Shoals:1)
  A vampire (D:14)
  7 water elementals
  3 wraiths
  2 air elementals
  42 yaks
  A hog (shapeshifter) (D:13)
  A fire bat (shapeshifter) (D:15)
  8 basilisks
  Grum (D:8)
  2 sea snake simulacra (Shoals:1)
  3 steam dragons
  3 fire elementals (Elf:1)
  4 wargs (Orc:1)
  15 vampire mosquitoes
  51 nagas
  An acid dragon (D:12)
  15 water moccasins
  20 orc warriors
  13 ogres
  A merfolk simulacrum (Shoals:1)
  3 ice beasts
  21 wolves
  2 laughing skulls (D:13)
  11 centaurs
  A boggart (Elf:1)
  A kobold brigand (D:9)
  22 bullfrogs
  3 elf zombies (D:4)
  An earth elemental (Elf:1)
  2 gnoll sergeants
  An elf skeleton (D:4)
  5 wights
  A snapping turtle simulacrum (Shoals:1)
  14 killer bees
  2 electric eels (Lair:5)
  3 howler monkeys
  2 bombardier beetles
  2 jellies
  10 orc priests
  A gnoll bouda (D:9)
  4 hounds
  4 iguanas
  41 orc wizards
  2 sleepcaps
  27 gnolls
  7 adders
  6 shadow imps
  3 white imps
  5 dart slugs
  A ribbon worm (D:2)
  70 orcs
  5 ball pythons
  3 bats
  9 endoplasms
  4 giant cockroaches
  4 goblins
  7 hobgoblins
  11 jackals
  16 kobolds
  2 quokkas (D:4)
  4 frilled lizards (D:2)
  2 orc skeletons (D:4)
  An orc zombie (Ossuary)
  8 rats
1097 creatures vanquished.

Vanquished Creatures (others)
  4 tentacles (Shoals:2)
4 creatures vanquished.

Grand Total: 1101 creatures vanquished

Notes
Turn   | Place    | Note
-------+----------+-------------------------------------------
     0 | D:1      | ces the Spriggan Hunter began the quest for the Orb.
     0 | D:1      | Reached XP level 1. HP: 10/10 MP: 2/2
    72 | D:1      | Reached skill level 2 in Stealth
    81 | D:1      | Reached XP level 2. HP: 15/15 MP: 3/3
   238 | D:1      | Reached skill level 3 in Stealth
   418 | D:1      | Reached XP level 3. HP: 18/18 MP: 4/4
   661 | D:2      | Noticed Terence
   823 | D:2      | Reached skill level 1 in Short Blades
   823 | D:2      | Reached skill level 4 in Stealth
  1001 | D:2      | Reached XP level 4. HP: 23/23 MP: 5/5
  1073 | D:2      | Reached skill level 5 in Stealth
  1343 | D:3      | Found a glowing silver altar of Zin.
  1472 | D:3      | Reached XP level 5. HP: 26/26 MP: 6/6
  1480 | D:3      | Got the Anthology of the Calescent Scorpion
  1500 | D:3      | Noticed a +0 dagger
  1500 | D:3      | Noticed a +0 dagger
  1501 | D:3      | Found a hide-covered altar of Uskayaw.
  1630 | D:3      | Reached skill level 6 in Stealth
  1846 | D:3      | Reached skill level 7 in Stealth
  2079 | D:3      | Found a hazy altar of Hepliaklqana.
  2210 | D:4      | Reached XP level 6. HP: 29/30 MP: 7/7
  2215 | D:4      | Found a sand-covered staircase.
  2227 | D:4      | Reached skill level 8 in Stealth
  2229 | Ossuary  | Entered an ossuary
  2400 | Ossuary  | Noticed a silent spectre
  2555 | D:4      | Reached XP level 7. HP: 16/34 MP: 8/8
  2903 | D:4      | Found Qiph's General Store.
  2933 | D:4      | Reached skill level 5 in Ranged Weapons
  2982 | D:4      | Bought a scroll of brand weapon for 104 gold pieces
  2982 | D:4      | Bought a potion of heal wounds for 55 gold pieces
  2982 | D:4      | Bought a potion of invisibility for 88 gold pieces
  2984 | D:4      | Gained mutation: You have a pair of small horns on your
                  | head. [potion of mutation]
  2984 | D:4      | Gained mutation: You are agile. (Dex +4, Str/Int -1)
                  | [potion of mutation]
  4147 | D:5      | Entered Level 5 of the Dungeon
  4153 | D:5      | Reached skill level 9 in Stealth
  4264 | D:5      | Found a staircase to the Ecumenical Temple.
  4270 | D:5      | Found a basalt altar of Yredelemnul.
  4283 | Temple   | Entered the Ecumenical Temple
  4428 | D:5      | Reached XP level 8. HP: 38/38 MP: 9/9
  4785 | D:5      | Reached skill level 10 in Stealth
  4799 | D:5      | Reached skill level 5 in Dodging
  5228 | D:6      | Found a broken altar of Ashenzari.
  5438 | D:6      | Found a burning altar of Makhleb.
  5785 | D:7      | Found a glowing golden altar of the Shining One.
  5844 | D:7      | Reached XP level 9. HP: 43/43 MP: 10/10
  5998 | D:7      | Reached skill level 11 in Stealth
  6086 | D:7      | Found an opulent altar of Gozag.
  6152 | D:7      | Became a worshipper of Gozag Ym Sagoz the Greedy
  6183 | D:7      | Found a shimmering altar of Xom.
  6189 | D:7      | Found a sparkling altar of Nemelex Xobeh.
  6192 | D:7      | Found a shadowy altar of Dithmenos.
  6493 | D:7      | Found a stormy altar of Qazlal.
  6601 | D:8      | Noticed Maurice
  7106 | D:8      | Noticed a hellwing
  7377 | D:8      | Killed Maurice
  7471 | D:8      | Reached skill level 12 in Stealth
  7537 | D:8      | Found a staircase to the Lair.
  7565 | D:8      | Noticed Grum
  7589 | D:8      | Killed Grum
  7630 | D:8      | Reached XP level 10. HP: 49/49 MP: 11/11
  7830 | D:8      | Reached skill level 10 in Ranged Weapons
  7925 | Lair:1   | Entered Level 1 of the Lair of Beasts
  7942 | Lair:1   | Noticed a cane toad
  7949 | Lair:1   | Killed a cane toad
  7963 | Lair:1   | Noticed an oklob plant
  8226 | Lair:1   | Noticed a skyshark
  8656 | D:9      | Found Ale Ciss's Book Emporium.
  9119 | D:9      | Noticed a two-headed ogre
  9123 | D:9      | Lost mutation: You have a pair of small horns on your head.
                  | [potion of mutation]
  9123 | D:9      | Lost mutation: You are agile. (Dex +4, Str/Int -1) [potion
                  | of mutation]
  9123 | D:9      | Gained mutation: You have sharp toenails. [potion of
                  | mutation]
  9123 | D:9      | Gained mutation: You are agile. (Dex +4, Str/Int -1)
                  | [potion of mutation]
  9123 | D:9      | Gained mutation: You have razor-sharp toenails. [potion of
                  | mutation]
  9451 | D:9      | Reached skill level 13 in Stealth
  9494 | D:9      | Killed a two-headed ogre
  9495 | D:9      | Reached skill level 5 in Fighting
  9778 | D:9      | Found a staircase to the Orcish Mines.
  9954 | D:10     | Entered Level 10 of the Dungeon
 10369 | D:10     | Noticed a fire dragon
 10393 | D:10     | Noticed a meliai
 10394 | D:10     | Noticed an ogre mage
 10480 | Orc:1    | Entered Level 1 of the Orcish Mines
 10485 | Orc:1    | Noticed an orc warlord
 10718 | D:8      | Reached XP level 11. HP: 44/56 MP: 12/12
 11487 | Lair:1   | Found a hazy altar of Hepliaklqana.
 11561 | Lair:1   | Reached skill level 10 in Dodging
 12662 | Lair:1   | Killed a skyshark
 13411 | Lair:2   | Noticed a death yak
 13411 | Lair:2   | Noticed a death yak
 13414 | Lair:2   | Noticed a death yak
 14091 | Lair:2   | Noticed a four-headed hydra
 14096 | Lair:2   | Killed a four-headed hydra
 14174 | Lair:2   | Noticed a death yak
 14398 | Lair:2   | Noticed a death yak
 14682 | Lair:2   | Killed a death yak
 14752 | Lair:2   | Killed a death yak
 14753 | Lair:2   | Reached XP level 12. HP: 62/62 MP: 13/13
 14909 | Lair:2   | Killed a death yak
 14991 | Lair:2   | Found a staircase to the Snake Pit.
 15056 | Lair:2   | Noticed a seven-headed hydra
 15103 | Lair:2   | Killed a seven-headed hydra
 15720 | D:9      | Reached skill level 14 in Stealth
 15862 | D:10     | Noticed a centaur warrior
 16274 | D:10     | You fall into a shaft and drop 2 floors!
 16305 | D:11     | Noticed a two-headed ogre
 16310 | D:11     | Killed a two-headed ogre
 16432 | D:11     | Noticed a boulder beetle
 16439 | D:11     | Killed a boulder beetle
 17592 | Lair:2   | Killed a death yak
 17593 | Lair:2   | Reached skill level 15 in Stealth
 17670 | Lair:2   | Killed a death yak
 18395 | Lair:3   | Found a staircase to the Shoals.
 18514 | Lair:3   | Reached skill level 15 in Ranged Weapons
 18533 | Lair:3   | Reached XP level 13. HP: 68/68 MP: 14/14
 19522 | Shoals:1 | Entered Level 1 of the Shoals
 19527 | Shoals:1 | Noticed a merfolk impaler
 19567 | Lair:3   | Reached skill level 16 in Stealth
 19906 | Lair:4   | Found a broken altar of Ashenzari.
 20155 | Lair:5   | Entered Level 5 of the Lair of Beasts
 20307 | Lair:5   | Found a staircase to the Slime Pits.
 20307 | Lair:5   | Found a viscous altar of Jiyva.
 21261 | Lair:5   | Reached skill level 17 in Stealth
 21990 | Orc:1    | Found a transporter.
 21999 | Orc:1    | Found a transporter.
 22001 | Orc:1    | Noticed Rachuaq's ghost (adept GnSk)
 22008 | Orc:1    | Noticed an orc warlord
 22084 | Orc:1    | Noticed Fannar
 22097 | Orc:1    | Killed Fannar
 22098 | Orc:1    | Reached XP level 14. HP: 67/75 MP: 13/15
 22894 | Orc:1    | Killed an orc warlord
 23139 | Orc:2    | Entered Level 2 of the Orcish Mines
 23329 | Orc:2    | Noticed Snorg
 23383 | Orc:2    | Killed Snorg
 23771 | Orc:2    | Found a staircase to the Elven Halls.
 24122 | Orc:2    | Found Elurirr's Book Emporium.
 24166 | Orc:2    | Found a radiant altar of Vehumet.
 24170 | Orc:2    | Noticed Erolcha
 24347 | Orc:2    | Found an ancient bone altar of Kikubaaqudgha.
 24369 | Orc:2    | Noticed Nergalle
 24686 | Orc:2    | Reached skill level 5 in Short Blades
 25020 | Orc:2    | Reached skill level 18 in Stealth
 25020 | Orc:2    | Reached XP level 15. HP: 76/76 MP: 16/16
 25149 | Orc:2    | Killed Erolcha
 25164 | Orc:2    | Found Alaoplich's Magic Scroll Shoppe.
 25188 | Orc:2    | Found Riarghaklu's Antique Weapon Emporium.
 25260 | Elf:1    | Entered Level 1 of the Elven Halls
 25626 | Orc:2    | Nergalle changed into Nergalle the shining eye
 25626 | Orc:2    | Noticed Nergalle
 25629 | Orc:2    | Gained mutation: You are vulnerable to cold. (rC-)
                  | [Nergalle]
 25631 | Orc:2    | Killed Nergalle the shining eye
 25645 | Orc:2    | Bought a scroll of fog for 56 gold pieces
 25645 | Orc:2    | Bought a scroll of identify for 28 gold pieces
 25645 | Orc:2    | Bought a scroll of fog for 56 gold pieces
 25645 | Orc:2    | Bought a scroll of teleportation for 42 gold pieces
 25645 | Orc:2    | Bought a scroll of revelation for 105 gold pieces
 25688 | Orc:2    | Found Bitzoach's Jewellery Emporium.
 25691 | Orc:2    | Bought a crystal shortbow for 272 gold pieces
 25691 | Orc:2    | Identified the +2 shortbow of Defilement {drain, Int+3
                  | Dex+3} (You bought it in a shop on level 2 of the Orcish
                  | Mines)
 25710 | Orc:2    | Bought the amulet of the Four Winds {rN+ Will+++ Clar} for
                  | 971 gold pieces
 25710 | Orc:2    | Found the amulet of the Four Winds {rN+ Will+++ Clar}
 25720 | Orc:2    | Bought a +4 ring of slaying for 1248 gold pieces
 25720 | Orc:2    | Bought a +5 ring of evasion for 576 gold pieces
 25720 | Orc:2    | Bought a ring of protection from cold for 400 gold pieces
 26668 | D:10     | Got the Parchment of Charmed Lightning
 27320 | D:12     | Noticed Urug
 27327 | D:12     | Killed Urug
 28186 | D:12     | Found a glowing golden altar of the Shining One.
 28192 | D:12     | Bought a crude cloak for 285 gold pieces
 28192 | D:12     | Identified the -1 cloak of Cotep {Dex+6} (You bought it in
                  | a shop on level 12 of the Dungeon)
 28336 | D:13     | Reached skill level 10 in Fighting
 28603 | D:13     | Found a radiant altar of Vehumet.
 28865 | D:13     | Found a gate to the Vaults.
 28867 | D:13     | Noticed a frost giant
 28957 | D:13     | Killed a frost giant
 28958 | D:13     | Reached skill level 15 in Dodging
 29852 | D:14     | Found a runed translucent door.
 29853 | D:14     | Found a shimmering altar of Xom.
 29853 | D:14     | Noticed BigPumpCobain's ghost (journeyman TrFi)
 30061 | D:14     | Found Dyina's General Store.
 30067 | D:14     | Bought 2 potions of heal wounds for 180 gold pieces
 30067 | D:14     | Bought a potion of curing for 54 gold pieces
 30457 | D:14     | Killed BigPumpCobain's ghost
 30517 | D:15     | Entered Level 15 of the Dungeon
 30850 | D:15     | Reached XP level 16. HP: 68/86 MP: 17/17
 31762 | D:15     | Found a staircase to the Depths.
 32244 | D:15     | Reached skill level 19 in Stealth
 34450 | Shoals:1 | Found a runed translucent gate.
 34450 | Shoals:1 | Found a runed translucent gate.
 34450 | Shoals:1 | Found a runed translucent gate.
 34451 | Shoals:1 | Noticed champdelmundo's ghost (adept MiFi)
 34597 | Shoals:1 | Reached skill level 20 in Stealth
 34784 | Shoals:1 | Noticed Donald
 34988 | Shoals:2 | Noticed a kraken
 35154 | Shoals:2 | Noticed Mlioglotl
 35227 | Slime:1  | Entered Level 1 of the Pits of Slime
 35227 | Slime:1  | Noticed an acid blob
 35283 | Slime:1  | Killed an acid blob
 36217 | Elf:1    | Identified the +1 spear of the Radish {freeze, rPois rN+
                  | Stlth+}
 36718 | Depths:1 | Entered Level 1 of the Depths
 36790 | Depths:1 | Noticed a lich
 37244 | Snake:1  | Entered Level 1 of the Snake Pit
 38999 | Slime:1  | Paralysed by a formless jellyfish for 1 turns
 39146 | Lair:5   | Paralysed by a formless jellyfish for 1 turns
 39151 | Lair:5   | Paralysed by a formless jellyfish for 1 turns
 39364 | Slime:1  | Paralysed by a formless jellyfish for 1 turns
 39378 | Lair:5   | Paralysed by a formless jellyfish for 1 turns
 39387 | Lair:5   | Reached XP level 17. HP: 56/90 MP: 18/18
 40177 | Elf:1    | Noticed Louise
 40191 | Elf:1    | Paralysed by an air elemental for 1 turns
 41119 | Elf:1    | Reached skill level 21 in Stealth
 41980 | Elf:1    | Identified the +1 ring mail of Ignis's Regard {rN+ Regen+
                  | Str+2 Dex-5}
 42827 | Elf:2    | Found a runed translucent gate.
 42828 | Elf:2    | Found a runed translucent gate.
 42828 | Elf:2    | Found a runed translucent gate.
 42868 | Elf:2    | Paralysed by an air elemental for 1 turns
 45161 | Snake:1  | Identified the +1 robe "Opsuc" {rF+ Str+3}
 46191 | Snake:2  | Reached skill level 5 in Evocations
 46524 | Snake:2  | Reached skill level 22 in Stealth
 47294 | Snake:2  | Identified the +5 kite shield of the Albatross {Str+2}
 47294 | Snake:2  | Noticed Asterion
 47316 | Snake:3  | Found Trighun's Tempting Trifles.
 47832 | Orc:1    | Identified the ring of Ficiqol {Wiz rN+ Int+3 Stlth+}
 48669 | Shoals:1 | Killed Donald
 48936 | Shoals:2 | Reached XP level 18. HP: 95/100 MP: 19/19
 50090 | Elf:2    | Lost mutation: You are vulnerable to cold. (rC-) [potion of
                  | mutation]
 50090 | Elf:2    | Lost mutation: You are agile. (Dex +4, Str/Int -1) [potion
                  | of mutation]
 50090 | Elf:2    | Lost mutation: You have razor-sharp toenails. [potion of
                  | mutation]
 50090 | Elf:2    | Gained mutation: You have a somewhat thin skeletal
                  | structure. (Dex +2, Stealth+) [potion of mutation]
 50381 | Elf:3    | Entered Level 3 of the Elven Halls
 50381 | Elf:3    | Noticed Bai Suzhen
 51086 | Elf:3    | Noticed Boris
 52738 | Depths:1 | Found a gateway to Hell.
 54602 | Lair:2   | Gained mutation: Your health recovers twice as slowly from
                  | being drained. [a cacodemon]
 54623 | Lair:2   | Killed Asterion
 55810 | Snake:3  | Bought a scroll of teleportation for 51 gold pieces
 56930 | Snake:3  | Reached XP level 19. HP: 107/107 MP: 20/20
 57291 | Snake:3  | Reached skill level 23 in Stealth
 57624 | Snake:3  | Reached skill level 15 in Fighting
 57869 | Snake:4  | Entered Level 4 of the Snake Pit
 57882 | Snake:4  | Found Xaam's Armour Shoppe.
 58009 | Snake:4  | Found Faplot's Distillery.
 58018 | Snake:4  | Bought a potion of haste for 150 gold pieces
 58018 | Snake:4  | Bought a potion of resistance for 150 gold pieces
 58018 | Snake:4  | Bought a potion of invisibility for 120 gold pieces
 58305 | Snake:4  | Found a shimmering blue altar of Sif Muna.
 58683 | Snake:4  | Found Cistraboc's Antique Armour Emporium.
 58684 | Snake:4  | Found Hikles's Armour Shoppe.
 60518 | Snake:4  | Got a serpentine rune of Zot
 61408 | Depths:1 | Found The Oracle's Delphic Readings.
 61412 | Depths:1 | Bought a scroll of silence for 123 gold pieces
 61412 | Depths:1 | Bought a scroll of blinking for 97 gold pieces
 61412 | Depths:1 | Bought a scroll of fear for 52 gold pieces
 61533 | Depths:1 | Found Umasoent's Jewellery Boutique.
 61533 | Depths:1 | Found Ziny's Book Emporium.
 61534 | Depths:1 | Found Nemeomn's Book Emporium.
 61762 | Depths:1 | Blown up by a lich

Illustrated notes

Levels and vault maps discovered:
D:1:      minmay_arrival_up_and_down, layout_basic
D:2:      layout_basic, uniq_terence
D:3:      layout_loops_cross, dancing_weapons_uskayaw,
          mainiacjoe_overflow_alcove_1, mainiacjoe_overflow_brackets
D:4:      layout_basic, nicolae_ossuary_entry_catacombs, serial_shops, shop,
          serial_aquarium, aquarium_bridge_square [aquarium_subvault_bridge,
          aquarium_subvault_balcony, aquarium_subvault_balcony,
          aquarium_subvault_wall], aquarium_bridge_square
          [aquarium_subvault_wall, aquarium_subvault_bridge,
          aquarium_subvault_wall, aquarium_subvault_window], aquarium_window_2,
          aquarium_window_double, aquarium_window_corridor_1, aquarium_view_2f,
          aquarium_view_2c, kennysheep_generic_room_9
D:5:      layout_rooms, amcnicky_altar_gilded, minmay_temple_entry_glass
D:6:      layout_loops_ring, mainiacjoe_overflow_cross_hatched, kennysheep_mini
D:7:      layout_basic, old_standard_altar, nicolae_gozag_seed_capital,
          pf_just_have_faith, grunt_temple_overflow_diamond
D:8:      cheibrodos_grave_circle, layout_loops_corners, lair_entry_dummy,
          uniq_maurice, uniq_grum
D:9:      layout_loops_ring, david_orc_4, serial_shops, shop
D:10:     minmay_blocky_corners, layout_irregular_city, fungi_pond_lemuel
D:11:     layout_basic, dreamdust_mushroom_princess
D:12:     layout_roguey, tso_altar, uniq_urug
D:13:     layout_small_grid, hellmonk_vaults_attempted_burglary,
          nicolae_vehumet_altar_sigil
D:14:     layout_roguey, ebering_ghost_xom, serial_shops, kennysheep_little_box,
          bh_walls_and_bars
D:15:     grunt_enter_depths_snipers, layout_irregular_city,
          nicolae_figureground_pulse
Temple:   hellmonk_temple_beads
Lair:1:   layout_layer_cave, basic_altar
Lair:2:   layout_layer_cave, alex1729_snake_entry_snake, st_stairs_7
Lair:3:   layout_big_grid, elwin_shoals_entry_rocks, beast_lair_carwin_11,
          grunt_megastairs_2
Lair:4:   layout_cave_pods, basic_altar, chequers_serial_rivers_room_a
Lair:5:   minmay_lair_end_frog_pond, layout_loops_ring, slime_entry_1
Shoals:1: layout_shoals, gammafunk_ghost_necromancy, uniq_donald
Shoals:2: layout_shoals, nzn_prometheus_bound, uniq_mlioglotl
Snake:1:  layout_honeycomb
Snake:2:  layout_chambers, grunt_ministairs_3, uniq_asterion
Snake:3:  layout_cave_town, nicolae_alphabet_shops,
          nicolae_snake_salamander_jacuzzi, serial_bayou_shore_b
Snake:4:  grunt_snake_rune_pools, layout_cave_town, basic_altar, serial_shops,
          shop_statue, minmay_shop_star
Slime:1:  layout_caves
Orc:1:    layout_caves, nicolae_volcano_entry_two_sided, gammafunk_ghost_arena,
          uniq_fannar
Orc:2:    kennysheep_orc_mage_school, layout_caves, basic_altar, uniq_snorg
Elf:1:    minmay_firetagon, layout_onion_city, hangedman_elf_disciples,
          uniq_louise
Elf:2:    nicolae_elf_blades_crystal_corner, layout_geoelf_octagon
Elf:3:    minmay_elf_hall_not_hex, layout_gridlike, uniq_boris, uniq_bai_suzhen
Depths:1: layout_gridlike, hell_entry, kennysheep_cross_room,
          nicolae_nh_oracle_at_delphi, minmay_shop_grove

Skill      XL: |  1  2  3  4  5  6  7  8  9 10 11 12 13 14 15 16 17 18 19 |
---------------+----------------------------------------------------------+-----
Stealth        | 2 3 4 5 7 8 9 10 12 13 15 17 18 20 22 23 | 23.5
Dodging        | 3 4 6 7 9 11 13 14 15 16 17 19 20 | 20.0
Short Blades   | 1 3 5 |  5.0
Ranged Weapons | 6 8 9 11 13 15 16 18 19 20 | 20.8
Fighting       | 2 4 5 6 8 9 10 12 13 14 15 | 15.6
Evocations     | 4 6 7 |  7.3

Action                     |  1- 3 |  4- 6 |  7- 9 | 10-12 | 13-15 | 16-18 | 19-21 || total
---------------------------+-------+-------+-------+-------+-------+-------+-------++-------
  Melee: Dagger            |    10 |    73 |    43 |   190 |   179 |   112 |    14 ||   621
         Punch             |       |     1 |       |     1 |     3 |       |       ||     5
         Headbutt          |       |       |     4 |     2 |       |       |       ||     6
         Kick              |       |       |       |    49 |    75 |    16 |       ||   140
   Fire: Shortbow          |    81 |    64 |   276 |   790 |  1284 |  1229 |       ||  3724
         Arbalest          |       |       |       |       |       |   585 |   399 ||   984
 Invoke: Call Merchant     |       |       |       |       |     1 |     1 |       ||     2
         Potion Petition   |       |       |       |       |       |     2 |     2 ||     4
Ability: Evoke Invisibilit |       |       |       |       |       |     2 |       ||     2
  Evoke: Wand              |       |       |     3 |    23 |    23 |    22 |       ||    71
    Use: Scroll            |     1 |     3 |     9 |     9 |     5 |    15 |     8 ||    50
         Potion            |       |       |     1 |     4 |     6 |    23 |     5 ||    39
   Stab: Sleeping          |     2 |    12 |    20 |    49 |    42 |    82 |    14 ||   221
         Paralysed         |       |       |     2 |       |       |     2 |       ||     4
         Distracted        |       |       |       |     2 |     2 |       |       ||     4
         Invisible         |       |       |       |       |     2 |     1 |       ||     3
 Armour: Robe              |     9 |    29 |    34 |    96 |    80 |   150 |    29 ||   427
  Dodge: Dodged            |    23 |    65 |    84 |   469 |   482 |   885 |   186 ||  2194
